 Dungeon Crawl Stone Soup version 0.22.0-49-gab54619 (webtiles) character file.

30 sbiou the Sneak (level 3, 0/31 HPs)
             Began as a Gnoll Wanderer on Sept 7, 2018.
             Slain by a rat (3 damage)
             ... on level 1 of the Dungeon.
             The game lasted 00:02:55 (502 turns).

sbiou the Sneak (Gnoll Wanderer)                     Turns: 502, Time: 00:02:56

Health: 0/31       AC:  2    Str: 13 (16) XL:     3   Next: 20%
Magic:  3/3        EV: 11    Int: 11 (13) God:
Gold:   11         SH:  0    Dex: 12 (14) Spells: 3/3 levels left

rFire    . . .     SeeInvis .   a - +2 dagger
rCold    . . .     Gourm    .   (no shield)
rNeg     . . .     Faith    .   e - +0 robe
rPois    .         Spirit   .   (no helmet)
rElec    .         Reflect  .   (no cloak)
rCorr    .         Harm     .   (no gloves)
MR       .....                  (no boots)
Stlth    +++.......             (no amulet)
HPRegen  0.10/turn              (no ring)
MPRegen  0.08/turn              (no ring)

@: no status effects
A: distributed training, fangs 1, strong nose
a: no special abilities


You were on level 1 of the Dungeon.
You were not hungry.

You visited 1 branch of the dungeon, and saw 1 of its levels.

You collected 11 gold pieces.

Inventory:

Hand Weapons
 a - a +2 dagger (weapon)
Armour
 e - a +0 robe (worn)
Scrolls
 d - 2 scrolls of identify
 g - a scroll of magic mapping
Comestibles
 f - 2 rations


   Skills:
 + Level 4.5 Fighting
 + Level 0.6 Short Blades
 + Level 0.6 Long Blades
 + Level 0.6 Axes
 + Level 0.6 Maces & Flails
 + Level 0.6 Polearms
 + Level 4.5 Staves
 + Level 0.6 Slings
 + Level 0.6 Bows
 + Level 2.5 Crossbows
 + Level 0.6 Throwing
 + Level 2.5 Armour
 + Level 0.6 Dodging
 + Level 5.9 Stealth
 + Level 2.5 Shields
 + Level 0.6 Unarmed Combat
 + Level 0.6 Spellcasting
 + Level 0.4 Conjurations
 + Level 0.4 Hexes
 + Level 0.4 Charms
 + Level 0.4 Summonings
 + Level 0.4 Necromancy
 + Level 0.4 Translocations
 + Level 0.4 Transmutations
 + Level 0.4 Fire Magic
 + Level 0.4 Ice Magic
 + Level 0.4 Air Magic
 + Level 0.4 Earth Magic
 + Level 0.4 Poison Magic
 + Level 0.8 Invocations
 + Level 0.6 Evocations


You had 3 spell levels left.
You didn't know any spells.
Your spell library was empty.

Dungeon Overview and Level Annotations

Branches:
Dungeon (1/15)

Altars:


Innate Abilities, Weirdness & Mutations

Your experience applies equally to all skills.
You have very sharp teeth.
Your uncanny sense of smell can sniff out nearby items.


Message History

You hit the giant cockroach.
You bite the giant cockroach, but do no damage.
The giant cockroach is heavily wounded.
The giant cockroach barely misses you.
You hit the giant cockroach.
You kill the giant cockroach!
A frilled lizard comes into view.
The rat bites you.
* * * LOW HITPOINT WARNING * * *
The rat closely misses you. The rat bites you but does no damage.
The frilled lizard hisses angrily.
The rat bites you but does no damage. The frilled lizard barely misses you.
The rat bites you.
* * * LOW HITPOINT WARNING * * *
The frilled lizard misses you.
You miss the frilled lizard. You punch the frilled lizard.
You kill the frilled lizard!
The rat bites you.
You die...

...%..............#
####...............
##...#....#...# #
#............#.#
##....##.....#.##
#....##.....#..
##............#
#...#....#....#
#..........r@.#
#..........(...#
................#
.###############.#
. .# .# .# .#


You could see a rat.

Vanquished Creatures
  An ooze (D:1)
  A dart slug (D:1)
  2 bats (D:1)
  3 giant cockroaches (D:1)
  3 hobgoblins (D:1)
  4 jackals (D:1)
  2 kobolds (D:1)
  2 frilled lizards (D:1)
  A goblin (D:1)
  3 rats (D:1)
22 creatures vanquished.

Vanquished Creatures (others)
  4 toadstools (D:1)
4 creatures vanquished.

Grand Total: 26 creatures vanquished

Notes
Turn   | Place    | Note
-------+----------+-------------------------------------------
     0 | D:1      | sbiou the Gnoll Wanderer began the quest for the Orb.
     0 | D:1      | sbiou set off with: a +2 dagger, a scroll of fear, a potion
                  | of curing, a +0 quarterstaff, a +0 robe, a ration
     0 | D:1      | Reached XP level 1. HP: 20/20 MP: 1/1
   134 | D:1      | Reached XP level 2. HP: 22/26 MP: 2/2
   413 | D:1      | Reached XP level 3. HP: 8/31 MP: 3/3
   502 | D:1      | Slain by a rat

Action                   || total
-------------------------++-------
Melee: Dagger            ||    79
       Bite              ||     9
       Punch             ||     1
  Use: Scroll            ||     3
       Potion            ||     2
 Stab: Sleeping          ||     7
Armor: Robe              ||    12
Dodge: Dodged            ||    46
